 Dungeon Crawl Stone Soup version 0.27-a0-1177-g245c70e1c0 (webtiles) character file.

Game seed: 3485902106711513830

409 mandarbmax the Tainter (level 6, -1/49 HPs)
             Began as a Naga Venom Mage on May 16, 2021.
             Slain by Edmund
             ... wielding a +4 flail of distortion
              (10 damage)
             ... on level 4 of the Dungeon.
             The game lasted 00:23:30 (4126 turns).

mandarbmax the Tainter (Naga Venom Mage)            Turns: 4126, Time: 00:23:31

Health: -1/49      AC:  5    Str: 10    XL:     6   Next: 89%
Magic:  0/9        EV: 10    Int: 18    God:
Gold:   119        SH:  0    Dex: 11    Spells: 4/10 levels left

rFire    . . .     SeeInvis +   c - +1 dagger (venom)
rCold    . . .     Faith    .   (no shield)
rNeg     + . .     Spirit   .   d - +2 robe {rN+}
rPois    +         Reflect  .   (no helmet)
rElec    .         Harm     .   (no cloak)
rCorr    .         Rampage  .   (no gloves)
Will     .....                  (no barding)
Stlth    ++........             (no amulet)
HPRegen  0.16/turn              (no ring)
MPRegen  0.11/turn              (no ring)

@: attractive, very slow
A: AC +2, large, see invisible, deformed body, poison resistance, slowness 2,
spit poison 1, naga tail 1
a: Spit Poison


You were on level 4 of the Dungeon.
You visited 1 branch of the dungeon, and saw 4 of its levels.

You collected 119 gold pieces.

Inventory:

Hand Weapons
 c - a +1 dagger of venom (weapon)
Missiles
 g - 9 poisoned darts
Armour
 a - a +0 helmet
 d - a +2 robe of positive energy (worn)
Scrolls
 b - a scroll of immolation
 l - a scroll of teleportation
Potions
 j - a potion of might


   Skills:
 - Level 2.0 Dodging
 - Level 3.0 Stealth
 + Level 2.5 Spellcasting
 - Level 3.0 Transmutations
 - Level 2.0 Fire Magic
 - Level 8.0 Poison Magic


You had 4 spell levels left.
You knew the following spells:

 Your Spells              Type           Power      Damage    Failure   Level
a - Sting                 Tmut/Pois      88%        1d7       1%          1
b - Poisonous Vapours     Pois/Air       32%        N/A       4%          2
c - Ignite Poison         Fire/Tmut/Pois 17%        N/A       9%          3

Your spell library contained the following spells:

 Spells                   Type           Power      Damage    Failure   Level
 Olgreb's Toxic Radiance  Pois           31%        N/A       6%          4
 Freeze                   Ice            8%         1d3       17%         1
 Magic Dart               Conj           8%         1d3       17%         1
 Summon Small Mammal      Summ           8%         N/A       17%         1
 Mephitic Cloud           Conj/Pois/Air  11%        N/A       17%         3
 Blink                    Tloc           N/A        N/A       26%         2
 Call Imp                 Summ           2%         N/A       26%         2
 Slow                     Hex            2%         N/A       26%         2
 Conjure Flame            Conj/Fire      5%         6-21      34%         3
 Call Canine Familiar     Summ           2%         N/A       45%         3
 Frozen Ramparts          Ice            4%         1d2       45%         3
 Ozocubu's Armour         Ice            2%         N/A       45%         3
 Summon Guardian Golem    Hex/Summ       2%         N/A       45%         3
 Hailstorm                Conj/Ice       2%         3d3       86%         4
 Summon Ice Beast         Ice/Summ       2%         N/A       86%         4
 Summon Lightning Spire   Summ/Air       2%         N/A       86%         4
 Metabolic Englaciation   Hex/Ice        1%         N/A       99%         5


Dungeon Overview and Level Annotations

Branches:
Dungeon (4/15)
 Temple: D:4-7

Altars:
Qazlal
Xom

Shops:
D:4 !

Annotations:
D:4 Edmund


Innate Abilities, Weirdness & Mutations

Your serpentine skin is tough. (AC +2)
You have supernaturally acute eyesight. (SInv)
Armour fits poorly on your strangely shaped body.
Your system is resistant to poisons. (rPois)
You cover ground very slowly.
You can spit poison.
You have a snake-like lower body.


Message History

You hit the ball python.
The ball python is poisoned.
The ball python is severely wounded.
You kill the ball python!
You hit the giant cockroach but do no damage.
The giant cockroach is poisoned.
You kill the giant cockroach!
Edmund says, "People will remember me!
They'll remember me and die!"
Okay, then.
Casting: Sting (safe; 1% risk of failure)
Confirm with . or Enter, or press ? or * to list all spells.
Aiming: Sting (safe; 1% risk of failure)
Press: ? - help, Shift-Dir - straight line, f - Edmund
Aim: Edmund, wielding a +4 flail of distortion and wearing a +0 ring mail (moderately wounded, 79% to hit)
The sting hits Edmund but does no damage.
Edmund is poisoned.
Edmund is moderately wounded.
Edmund hits you with a +4 flail of distortion!
Space bends around you.
* * * LOW HITPOINT WARNING * * *
Unknown command.
Casting: Sting (safe; 1% risk of failure)
Confirm with . or Enter, or press ? or * to list all spells.
Aiming: Sting (safe; 1% risk of failure)
Press: ? - help, Shift-Dir - straight line, f/p - Edmund
Aim: Edmund, wielding a +4 flail of distortion and wearing a +0 ring mail (moderately wounded, poisoned, 79% to hit)
The sting misses Edmund.
The sting hits the orc but does no damage.
The orc is poisoned.
The orc is heavily wounded.
Edmund hits you with a +4 flail of distortion!
* * * LOW HITPOINT WARNING * * *
Unknown command.
You feel better.
You have got your breath back.
Edmund hits you with a +4 flail of distortion.
* * * LOW HITPOINT WARNING * * *
You barely miss Edmund.
Edmund is moderately wounded.
Edmund hits you with a +4 flail of distortion!
You die...

... .## #.# #..
..##.#####.#### #.#
#8##........... #.
#.# #†##.#####.####
#.. #†# .∩<8.# #.#
##...#.## #.##.#
#.#### .........##
#8##.# #.....
.....≈≈≈..####.##.###
##....
###..≈⌠≈.o@@........#
#.###
........########.#.#
#.# ###......# #.#.#
#.# .......## #.#.#
#.# ##.###.#
#.#.####.# #. ..
#.#......# ...
#.######## ..#


You could see Edmund (poisoned) and an orc (poisoned).

Vanquished Creatures
  A hound (D:4)
  An orc priest (D:3)
  Jessica (D:2)
  Terence (D:2)
  Natasha (thrice) (D:2)
  An orc wizard (D:3)
  A hound skeleton (D:4)
  Robin (D:2)
  7 adders
  An ufetubus (D:4)
  3 worms
  3 dart slugs (D:2)
  5 orcs (D:3)
  5 endoplasms
  A giant cockroach (D:4)
  18 goblins
  6 hobgoblins
  8 jackals
  7 kobolds
  A quokka (D:3)
  8 ball pythons
  4 bats
  4 frilled lizards
  4 rats
95 creatures vanquished.

Vanquished Creatures (others)
  93 plants
93 creatures vanquished.

Grand Total: 188 creatures vanquished

Notes
Turn   | Place    | Note
-------+----------+-------------------------------------------
     0 | D:1      | mandarbmax the Naga Venom Mage began the quest for the Orb.
     0 | D:1      | Reached XP level 1. HP: 15/15 MP: 3/3
   109 | D:1      | Reached XP level 2. HP: 19/22 MP: 0/5
   379 | D:1      | Found a faded altar of an unknown god.
   443 | D:1      | Learned a level 2 spell: Poisonous Vapours
   814 | D:1      | Reached skill level 5 in Poison Magic
   942 | D:2      | Noticed Jessica
   945 | D:2      | Killed Jessica
   946 | D:2      | Reached XP level 3. HP: 28/28 MP: 2/6
   956 | D:2      | Reached skill level 6 in Poison Magic
   956 | D:2      | Reached XP level 4. HP: 23/36 MP: 0/7
   960 | D:2      | Learned a level 3 spell: Ignite Poison
  1161 | D:2      | Noticed Natasha
  1166 | D:2      | Killed Natasha
  1271 | D:2      | Noticed Robin
  1290 | D:2      | Killed Robin
  1384 | D:2      | Reached XP level 5. HP: 40/42 MP: 3/8
  1881 | D:2      | Noticed Terence
  1889 | D:2      | Killed Terence
  1890 | D:2      | Reached skill level 1 in Fire Magic
  2282 | D:2      | Noticed Natasha
  2285 | D:2      | Killed Natasha
  2363 | D:2      | Noticed Natasha
  2370 | D:2      | Killed Natasha
  2517 | D:3      | Reached XP level 6. HP: 49/49 MP: 0/9
  2640 | D:3      | Reached skill level 7 in Poison Magic
  2857 | D:3      | Found a stormy altar of Qazlal.
  3658 | D:3      | Found a shimmering altar of Xom.
  4078 | D:4      | Found Zosmoack's Distillery.
  4082 | D:4      | Reached skill level 8 in Poison Magic
  4099 | D:4      | Noticed Edmund
  4126 | D:4      | Slain by Edmund

Illustrated notes

Levels and vault maps discovered:
D:1:      roderic_crop_circles_arrival_small, layout_loops_ring,
          ebering_ecumenical_altar_abandoned, minmay_misc_feat_square,
          minivault_14
D:2:      layout_loops_ring, uniq_robin, uniq_natasha, uniq_terence,
          uniq_jessica
D:3:      layout_loops_ring, lemuel_tele_altar, xom_teletrap_fun,
          serial_bayou_lagoon_b
D:4:      layout_loops_ring, cheibrodos_sewer_entry_drain, serial_shops,
          nicolae_shop_statue_plus, corexii_leaking_fountain, uniq_sigmund,
          uniq_edmund, uniq_duvessa

Skill      XL: |  1  2  3  4  5  6 |
---------------+-------------------+-----
Dodging        | 2 |  2.0
Poison Magic   | 5 6 8 |  8.0
Transmutations | 2 3 |  3.0
Fire Magic     | 2 |  2.0
Stealth        | |  3.0
Spellcasting   | |  2.5

Action                   |  1- 3 |  4- 6 || total
-------------------------+-------+-------++-------
Melee: Unarmed           |     4 |       ||     4
       Dagger            |       |    84 ||    84
 Cast: Sting             |    25 |    13 ||    38
       Poisonous Vapours |       |    66 ||    66
       Ignite Poison     |       |     4 ||     4
 Abil: Spit Poison       |    17 |    31 ||    48
Evoke: Wand              |       |     3 ||     3
  Use: Potion            |       |     4 ||     4
       Scroll            |       |     6 ||     6
 Stab: Sleeping          |       |     1 ||     1
Armor: Robe              |     4 |    47 ||    51
Dodge: Dodged            |    11 |    79 ||    90

Table legend: (Time is in decaauts)
 A = Elapsed time spent in this place.
 B = Non-inter-level travel time spent in this place.
 C = Inter-level travel time spent in this place.
 D = Time resting spent in this place.
 E = Time spent auto-exploring this place.
 F = Levels seen in this place.
 G = Mean time per level.
                   A        B        C        D        E       F      G
               +--------+--------+--------+--------+--------+-----+--------+
         Total |   5001 |   4825 |    176 |    892 |   3143 |   4 | 1250.2 |
       Dungeon |   5001 |   4825 |    176 |    892 |   3143 |   4 | 1250.2 |
               +--------+--------+--------+--------+--------+-----+--------+

Top non-repeatable levels by time:
     D:2: 1857 daAuts
     D:3: 1697 daAuts
     D:1: 1132 daAuts
     D:4: 313 daAuts
